 Dungeon Crawl Stone Soup version 0.29.0-4-gdea44cf6ec (webtiles) character file.

Game seed: 5892604697254032002

19 qw the Sneak (level 2, -2/19 HPs)
             Began as a Gargoyle Delver on Sept 10, 2022.
             Slain by a worm (5 damage)
             ... on level 3 of the Dungeon.
             The game lasted 00:00:15 (775 turns).

qw the Sneak (Gargoyle Delver)                       Turns: 775, Time: 00:00:16

Health: -2/19      AC:  5    Str: 15    XL:     2   Next: 75%
Magic:  2/2        EV: 11    Int: 10    God:
Gold:   37         SH:  0    Dex: 11    Spells: 1/1 levels left

rFire   . . .      SeeInvis .   a - +0 hand axe
rCold   . . .      Faith    .   (no shield)
rNeg    + . .      Spirit   .   b - +0 leather armour
rPois   inf        Reflect  .   (no helmet)
rElec   +          Harm     .   (no cloak)
rCorr   .          Rampage  .   (no gloves)
Will    .....                   (no boots)
Stlth   +++.......              (no amulet)
HPRegen 0.06/turn               (no ring)
MPRegen 0.08/turn               (no ring)

@: no status effects
A: sickness immunity, AC +2, negative energy resistance 1, electricity
resistance, torment resistance 1, petrification resistance
a: no special abilities


You were on level 3 of the Dungeon.
You visited 1 branch of the dungeon, and saw 3 of its levels.

You collected 37 gold pieces.


Innate Abilities, Weirdness & Mutations

You are immune to sickness and miasma.
Your stone body is resilient. (AC +2)
You are immune to poison.
You resist negative energy. (rN+)
You are resistant to electric shocks. (rElec)
You are resistant to unholy torment.
You are immune to petrification.


   Skills:
 - Level 3.2 Fighting
 + Level 2.9 Axes
 - Level 1.5 Dodging
 - Level 5.4 Stealth


You had one spell level left.
You didn't know any spells.
Your spell library was empty.

Inventory:

Hand Weapons
 a - a +0 hand axe (weapon)
Armour
 b - a +0 leather armour (worn)
Wands
 g - a wand of digging (3)
Potions
 c - a potion of mutation {unknown}
 f - a potion of haste

Dungeon Overview and Level Annotations

Branches:
Dungeon (5/15)
 Temple: D:4-7

Altars:


Message History

What level of the Dungeon? (default 1, ? - help)
There is a stone staircase leading up here.
You climb upwards.
Found 6 stones, 13 gold pieces and a red potion.
There is a stone staircase leading down here.
A worm is nearby!
Existing waypoints: (1) D:4 (2) D:5 Assign waypoint to what number? (0-9, D - delete waypoint) Waypoint 2 re-assigned from D:5 to D:3.
Enter note: A worm comes into view.
You barely miss the worm. You hit the worm but do no damage.
The worm bites you.
You slash the worm!
The worm is moderately wounded.
The worm closely misses you.
You hit the worm.
The worm is severely wounded.
You barely miss the worm.
The worm is severely wounded.
The worm bites you!
You hit the worm.
The worm is severely wounded.
The worm bites you.
You hit the worm.
The worm is almost dead.
You slash the worm!
You kill the worm!
You hit the worm.
The worm is lightly wounded.
The worm closely misses you.
You hit the worm.
The worm is heavily wounded.
You barely miss the worm.
The worm is heavily wounded.
A ball python comes into view.
The worm bites you.
You die...

.. .# .. .#
#S
####.##...
#........#
#........#
#.@......#
#.w......#
..........#
###.......(.
#......$.#
#........#
###.######
!#


You could see a worm and a ball python (wandering).

Vanquished Creatures
  An adder (D:4)
  2 worms
  A kobold (D:4)
  A quokka (D:4)
5 creatures vanquished.

Notes
Turn   | Place    | Note
-------+----------+-------------------------------------------
     0 | D:5      | qw the Gargoyle Delver began the quest for the Orb.
     0 | D:5      | Reached XP level 1. HP: 14/14 MP: 1/1
     0 | D:5      | 0 ||| qw: Version: 0.1-a-116-g5d60599
     0 | D:5      | 0 ||| qw: Game counter: 8344
     0 | D:5      | 0 ||| qw: Always use a shield: true
     0 | D:5      | 0 ||| qw: God list: Okawaru
     0 | D:5      | 0 ||| qw: Allow faded altars: false
     0 | D:5      | 0 ||| qw: Do Orc after D:15 true
     0 | D:5      | 0 ||| qw: Do second Lair branch before Depths: true
     0 | D:5      | 0 ||| qw: Lair rune preference: random
     0 | D:5      | 0 ||| qw: Plans: Normal
     0 | D:5      | 0 ||| PLANNING D:1-11
     0 | D:5      | 0 ||| DROPPING scroll of fog.
     1 | D:5      | 1 ||| DROPPING scroll of magic mapping.
     2 | D:5      | 2 ||| DROPPING scroll of fear.
    11 | D:4      | 11 ||| PLANNING SEWER
   361 | D:4      | 361 ||| FLEEEEING.
   480 | D:4      | 480 ||| Stepping ~*~*~tactically~*~*~ (stealth).
   510 | D:4      | HP: 3/14 [adder (3)]
   513 | D:4      | Reached XP level 2. HP: 5/19 MP: 2/2
   602 | D:4      | 602 ||| RIP SEWER
   742 | D:4      | 742 ||| PLANNING D:1-11
   769 | D:3      | HP: 2/19 [worm (4)]
   775 | D:3      | Slain by a worm

Levels and vault maps discovered:
D:3:      layout_rooms, lemuel_tele_altar
D:4:      layout_cave_pools, lightli_sewer_entry_pipes,
          amcnicky_mini_pool_small, uniq_edmund
D:5:      layout_gridville, serial_shops, shop

Skill      XL: |  1 |
---------------+----+-----
Axes           | 2 |  2.9
Fighting       | |  3.2
Dodging        | |  1.5
Stealth        | |  5.4

Action                   || total
-------------------------++-------
Melee: Hand axe          ||    63
       Punch             ||     1
 Stab: Sleeping          ||     1
Armor: Leather armour    ||    18
Dodge: Dodged            ||    40

Table legend:
 A = Non-vault XP
 B = Vault XP
 C = Vault XP percentage of total XP
 D = Non-vault monster count
 E = Vault monster count
 F = Vault count percentage of total count
                 A         B        C        D         E       F
            +---------+---------+-------+---------+---------+-------
      Total |      23 |       5 |  17.9 |       4 |       1 |  20.0
            +---------+---------+-------+---------+---------+-------
        D:3 |       5 |       0 |   0.0 |       1 |       0 |   0.0
        D:4 |      18 |       5 |  21.7 |       3 |       1 |  25.0
            +---------+---------+-------+---------+---------+-------
